 Dungeon Crawl Stone Soup version 0.18.1-48-g4cf74bf (webtiles) character file.

7937 Joat the Slicer (level 11, -19/87 HPs)
             Began as a Vine Stalker Air Elementalist on Aug 17, 2016.
             Was an Elder of Makhleb.
             Demolished by Sonja
             ... wielding a +0 dagger of distortion
              (22 damage)
             ... on level 10 of the Dungeon.
             The game lasted 01:35:40 (10131 turns).

Joat the Slicer (Vine Stalker Air Elementalist)    Turns: 10131, Time: 01:35:41

Health: -19/87     AC: 25    Str: 15    XL:     11   Next: 23%
Magic:  0/22       EV:  2    Int: 15    God:    Makhleb [****..]
Gold:   577        SH: 17    Dex: 14    Spells: 1 memorised, 21 levels left

rFire  + . .     SeeInvis .     n - +4 short sword
rCold  . . .     Gourm    .     (armour currently unavailable)
rNeg   + + +     Faith    .     J - +2 shield
rPois  +         Spirit   +     (helmet currently unavailable)
rElec  .         Dismiss  .     (cloak currently unavailable)
rCorr  .         Reflect  +     (gloves currently unavailable)
SustAt .         Harm     .     (boots currently unavailable)
MR     +....     NoTele   +     e - +5 amulet of reflection
Stlth  +++.......               s - ring of protection from fire
                                (no ring)

@: tree-form, very slightly contaminated, somewhat resistant to hostile
enchantments, fairly stealthy
A: (fangs 0), regeneration 2, magic shield, (antimagic bite), no device heal 3,
rot immunity
a: Minor Destruction, Lesser Servant of Makhleb, Major Destruction, Renounce
Religion


You were on level 10 of the Dungeon.
You worshipped Makhleb.
Makhleb was greatly pleased with you.
You were hungry.
You were a tree.
You visited 2 branches of the dungeon, and saw 11 of its levels.
You visited the Abyss 1 time.
You also visited: Ossuary.

You collected 577 gold pieces.

Inventory:

Hand Weapons
 f - the +3 flail of Disharmony {elec, *Confuse rElec rF+ rN++, unknown}
   (You found it on level 2 of the Abyss)

   Occasionally, upon striking a foe, it will discharge some electrical energy
   and cause terrible harm.
   It protects you from fire.
   It insulates you from electricity.
   It greatly protects you from negative energy.
   It may confuse you when you take damage.
 n - a +4 short sword (weapon)
 U - a +1 dagger of speed
Armour
 i - a +0 plate armour
 o - a +0 buckler
 D - a +0 cloak (melded)
 E - a +1 helmet (melded)
 J - a +2 shield (worn)
 O - a +0 pair of gloves (melded)
 S - a +0 shield
 Z - a +1 scale mail of cold resistance (melded)
Jewellery
 e - a +5 amulet of reflection (around neck)
 s - a ring of protection from fire (right branch)
 I - an uncursed amulet of faith {unknown}
Wands
 k - a wand of confusion (34/48)
 y - a wand of enslavement (12/24)
 z - a wand of lightning (5/15)
 C - a wand of lightning (6/15)
 L - a wand of slowing (26/48)
 R - a wand of lightning (11/15)
 X - a wand of acid (7/15)
 Y - a wand of flame (27/48)
Scrolls
 r - a scroll of silence
 t - 10 scrolls of remove curse
 G - 3 scrolls of magic mapping
 H - 3 scrolls of teleportation
 P - a scroll of enchant weapon
 Q - a scroll of recharging
 T - a scroll of identify
Potions
 a - a potion of cancellation
 d - 2 potions of flight
 j - a potion of resistance
 q - 3 potions of curing
 u - 4 potions of heal wounds
 x - 2 potions of brilliance
 A - 4 potions of degeneration
 B - a potion of magic
 F - 2 potions of mutation
 K - a potion of cure mutation
Books
 b - a book of Air

   Spells                             Type                      Level
   a - Shock                          Conjuration/Air              1
   b - Swiftness                      Charms/Air                   2
   c - Repel Missiles                 Charms/Air                   2
   d - Static Discharge               Conjuration/Air              3
   e - Lightning Bolt                 Conjuration/Air              5
 g - a book of the Tempests

   Spells                             Type                      Level
   a - Static Discharge               Conjuration/Air              3
   b - Lightning Bolt                 Conjuration/Air              5
   c - Fireball                       Conjuration/Fire             5
   d - Tornado                        Air                          9
   e - Shatter                        Earth                        9
 v - a book of Geomancy

   Spells                             Type                      Level
   a - Sandblast                      Earth                        1
   b - Passwall                       Transmutation/Earth          2
   c - Stone Arrow                    Conjuration/Earth            3
   d - Petrify                        Transmutation/Earth          4
   e - Lee's Rapid Deconstruction     Earth                        5
 N - a book of Summonings

   Spells                             Type                      Level
   a - Recall                         Summoning/Translocation      3
   b - Aura of Abjuration             Summoning                    5
   c - Summon Demon                   Summoning                    5
   d - Summon Forest                  Summoning/Translocation      5
   e - Summon Mana Viper              Hexes/Summoning              5
   f - Shadow Creatures               Summoning                    6
Comestibles
 c - 9 bread rations
 l - 2 fruits
 m - 6 beef jerkies
 w - 4 meat rations
 M - 6 chunks of flesh


   Skills:
 - Level 6.5 Fighting
 - Level 10.0 Short Blades
 - Level 5.0 Armour
 - Level 1.8 Dodging
 - Level 2.4 Stealth
 + Level 5.7 Shields
 - Level 6.6 Spellcasting
   Level 1.0 Conjurations
 - Level 3.0 Air Magic


You had 21 spell levels left.
You knew the following spells:

 Your Spells              Type           Power        Failure   Level  Hunger
d - Repel Missiles        Chrm/Air       #.....       38%         2    None


Dungeon Overview and Level Annotations

Branches:
Dungeon (10/15)            Temple (1/1) D:6            Lair (0/8) D:10
    Orc (0/2) D:9

Altars:
Ashenzari
Cheibriados
Dithmenos
Elyvilon
Fedhas
Gozag
Kikubaaqudgha
Makhleb
Nemelex Xobeh
Okawaru
Pakellas
Qazlal
Ru
Sif Muna
Trog
Vehumet
Xom
Yredelemnul
Zin
The Shining One

Shops:
D:6 *

Annotations:
D:10 Sonja


Innate Abilities, Weirdness & Mutations

((You have razor-sharp teeth.))
You heal very quickly.
When hurt, damage is shared between your health and your magic reserves.
((Your bite disrupts and absorbs the magic of your enemies.))
Potions and wands cannot restore your health.
You are immune to rotting.


Message History

You turn into a tree.
Your +0 cloak melds into your body.
Your +1 helmet melds into your body.
Your +0 pair of gloves melds into your body.
Your +1 scale mail of cold resistance melds into your body.
You feel less resistant to cold.
Your roots penetrate the ground.
Sonja hits you but does no damage. Space bends around you.
* * * LOW HITPOINT WARNING * * *
Sonja hits you but does no damage. Space bends around you.
* * * LOW HITPOINT WARNING * * *
You block Sonja's attack.
You miss Sonja.
Sonja is severely wounded.
Sonja hits you but does no damage. Space bends around you.
* * * LOW HITPOINT WARNING * * *
You block Sonja's attack. x2
You barely miss Sonja.
Sonja is severely wounded.
You block Sonja's attack. x2; Sonja hits you but does no damage.
Space warps horribly around you!
You die...

#.##.#..####.###.#### #.##..
#....##.#..(.# #....# #....#
#..####.#.##.###.##.# ##.[..
#..# #.#.##.....##.# #.##. #
#(.# #.#.......§§§.# #. #.
#.###..####.#......≈§≈..# #. #.
#.........#.#.#..≈≈≈§.≈.# #. ##
#......##.#.#..K§≈§§.§≈.# #.###
#.####.##.#.#..♣≈≈.>§§≈.# #....
# #.##.#.#.#.≈≈.§§§..# #####
#.##.#.#.#.≈≈≈§§§..#
#.####(##.#(#....§≈.≈...#
#...........##..........#
#####...#.......#.###.########.
#(.............###..........
#....######......###.######
###.#.......)......# #.#


You could see Sonja.

Vanquished Creatures
  A gargoyle (D:10)
  A two-headed ogre (D:10)
  Sigmund (D:5)
  A hippogriff (D:8)
  2 hungry ghosts
  Grum (D:9)
  A water moccasin (D:7)
  Duvessa (D:5)
  2 hell hounds (D:10)
  6 orc warriors
  4 ice beasts
  3 sky beasts
  6 ogres
  5 phantoms
  3 wolves (D:9)
  4 centaurs
  2 elf zombies (Ossuary)
  7 giant frogs
  A wyvern zombie (D:6)
  A gnoll sergeant (D:10)
  Dowan (D:5)
  4 scorpions
  19 killer bees
  A howler monkey (D:4)
  A centaur zombie (D:7)
  5 crimson imps
  A giant frog zombie (D:7)
  A jelly (D:5)
  A quasit (D:5)
  6 orc priests
  7 hounds
  Crazy Yiuf (D:5)
  11 orc wizards
  A giant frog skeleton (D:8)
  Ijyb (D:3)
  Natasha (thrice) (D:3)
  3 iguanas
  9 worker ants
  A killer bee zombie (D:10)
  4 mummies (Ossuary)
  A howler monkey skeleton (D:5)
  4 gnolls (D:10)
  10 adders
  An adder zombie (D:7)
  An adder skeleton (D:7)
  3 dart slugs
  4 giant geckos
  32 orcs
  2 ball pythons
  5 bats
  5 giant cockroaches
  A gnoll zombie (Ossuary)
  10 goblins
  8 hobgoblins
  19 jackals
  10 kobolds
  8 quokkas
  A giant gecko zombie (D:5)
  10 giant newts
  2 goblin zombies (Ossuary)
  A jackal skeleton (D:6)
  A kobold zombie (Ossuary)
  2 orc zombies (Ossuary)
  2 quokka skeletons (D:9)
  A quokka zombie (D:7)
  7 rats
  A withered plant (D:6)
286 creatures vanquished.

Vanquished Creatures (others)
  An orc warrior (D:9)
  2 orcs (D:9)
  2 goblin zombies (Ossuary)
  A jackal zombie (Ossuary)
  An orc zombie (Ossuary)
7 creatures vanquished.

Grand Total: 293 creatures vanquished

Notes
Turn   | Place    | Note
--------------------------------------------------------------
     0 | D:1      | Joat the Vine Stalker Air Elementalist began the quest for the Orb.
     0 | D:1      | Reached XP level 1. HP: 9/9 MP: 4/4
   163 | D:1      | Reached skill level 1 in Fighting
   229 | D:1      | Reached XP level 2. HP: 14/14 MP: 6/6
   233 | D:1      | Learned a level 2 spell: Repel Missiles
   780 | D:1      | Reached XP level 3. HP: 11/18 MP: 3/7
  1465 | D:3      | Found a stormy altar of Qazlal.
  1466 | D:3      | Noticed Ijyb
  1484 | D:3      | Killed Ijyb
  1484 | D:3      | Reached skill level 1 in Armour
  1484 | D:3      | Reached skill level 1 in Shields
  1484 | D:3      | Reached XP level 4. HP: 23/23 MP: 8/8
  1730 | D:3      | Noticed Natasha
  1739 | D:3      | Killed Natasha
  1739 | D:3      | Reached XP level 5. HP: 10/27 MP: 1/10
  1743 | D:3      | Noticed Natasha
  1747 | D:3      | Killed Natasha
  1935 | D:3      | Noticed Natasha
  1943 | D:3      | Killed Natasha
  2024 | D:4      | Found a sacrificial altar of Ru.
  2206 | D:4      | Gained mutation: You heal very quickly. [Vine Stalker growth]
  2206 | D:4      | Reached XP level 6. HP: 29/32 MP: 9/11
  2302 | D:4      | Found a sand-covered staircase.
  2307 | Ossuary  | Entered an ossuary
  2398 | Ossuary  | Reached XP level 7. HP: 32/37 MP: 11/13
  2945 | D:4      | Became a worshipper of Ru the Awakened
  3559 | D:5      | Entered Level 5 of the Dungeon
  3595 | D:5      | Noticed Duvessa
  3595 | D:5      | Noticed Dowan
  3640 | D:5      | Killed Duvessa
  3640 | D:5      | Gained mutation: You have razor-sharp teeth. [Vine Stalker growth]
  3640 | D:5      | Reached XP level 8. HP: 31/42 MP: 15/15
  3650 | D:5      | Killed Dowan
  3892 | D:5      | Reached skill level 5 in Spellcasting
  4031 | D:5      | Reached skill level 5 in Fighting
  4136 | D:5      | Noticed Sigmund
  4195 | D:5      | Noticed Crazy Yiuf
  4281 | D:5      | Killed Crazy Yiuf
  4495 | D:5      | Killed Sigmund
  4537 | D:5      | Reached XP level 9. HP: 47/48 MP: 18/18
  4832 | D:6      | Found a basalt altar of Yredelemnul.
  4916 | D:6      | Found Liremok's Assorted Antiques.
  5308 | D:6      | Found a staircase to the Ecumenical Temple.
  5319 | Temple   | Entered the Ecumenical Temple
  5374 | Temple   | Fell from the grace of Ru
  5374 | Temple   | Became a worshipper of Makhleb the Destroyer
  6106 | D:7      | Reached skill level 5 in Armour
  6119 | D:7      | Found a bloodstained altar of Trog.
  6206 | D:7      | Found a radiant altar of Vehumet.
  6259 | D:7      | Reached skill level 1 in Short Blades
  6346 | D:7      | Reached skill level 2 in Short Blades
  6391 | D:7      | Reached skill level 3 in Short Blades
  6568 | D:7      | Reached * piety under Makhleb
  6917 | D:7      | Reached skill level 4 in Short Blades
  6990 | D:7      | Reached XP level 10. HP: 18/53 MP: 13/21
  7099 | D:7      | Reached skill level 5 in Short Blades
  7315 | D:8      | Reached skill level 6 in Short Blades
  7618 | D:8      | Reached ** piety under Makhleb
  7861 | D:8      | Reached skill level 7 in Short Blades
  8437 | D:9      | Noticed Grum
  8447 | D:9      | Killed Grum
  8447 | D:9      | Reached skill level 8 in Short Blades
  8456 | D:9      | Reached *** piety under Makhleb
  8891 | D:9      | Reached skill level 9 in Short Blades
  9124 | D:9      | Reached **** piety under Makhleb
  9143 | D:9      | Found a staircase to the Orcish Mines.
  9182 | D:9      | Reached XP level 11. HP: 16/58 MP: 10/22
  9567 | D:10     | Entered Level 10 of the Dungeon
  9573 | D:10     | Reached skill level 10 in Short Blades
  9578 | D:10     | Found a staircase to the Lair.
  9653 | D:10     | Reached skill level 5 in Shields
  9887 | D:10     | Noticed Sonja
 10019 | D:10     | Cast into level 2 of the Abyss (Sonja)
 10022 | Abyss:2  | Got a sapphire flail
 10071 | Abyss:2  | Noticed a tentacled starspawn
 10072 | D:10     | Escaped the Abyss
 10130 | D:10     | HP: 3/87 [Sonja/uncursed dagger of distortion (5)]
 10131 | D:10     | Demolished by Sonja

Skill      XL: |  1  2  3  4  5  6  7  8  9 10 11 |
---------------+----------------------------------+-----
Fighting       | 1 2 3 4 5 6 |  6.5
Armour         | 1 2 3 4 5 |  5.0
Shields        | 1 2 3 4 5 |  5.7
Spellcasting   | 3 4 5 6 |  6.6
Short Blades   | 4 9 10 | 10.0
Dodging        | |  1.8
Stealth        | |  2.4
Conjurations   | |  1.0
Air Magic      | |  3.0

Action                   |  1- 3 |  4- 6 |  7- 9 | 10-12 || total
-------------------------+-------+-------+-------+-------++-------
Melee: Unarmed           |    32 |       |       |       ||    32
       Bite              |     6 |    12 |   152 |   198 ||   368
       Club              |     1 |       |       |       ||     1
       Short sword       |       |    35 |   234 |   375 ||   644
       Dagger            |       |       |   205 |   407 ||   612
       Quarterstaff      |       |       |    64 |       ||    64
 Fire: Hunting sling     |   133 |   174 |   316 |       ||   623
Throw: Javelin           |     3 |       |       |     3 ||     6
 Cast: Repel Missiles    |     1 |       |     1 |       ||     2
  Use: Scroll            |     4 |     1 |    14 |    10 ||    29
       Potion            |       |     1 |     1 |     6 ||     8
 Stab: Paralysed         |       |       |     1 |       ||     1
       Distracted        |       |       |     2 |     1 ||     3
       Sleeping          |       |       |     1 |       ||     1
  Eat: Chunk             |     2 |     3 |    10 |    13 ||    28
       Meat ration       |       |       |     1 |       ||     1
       Beef jerky        |       |       |     2 |       ||     2
Armor: Robe              |     2 |       |       |       ||     2
       Ring mail         |    14 |    43 |   181 |       ||   238
       Chain mail        |       |       |    65 |       ||    65
       Plate armour      |       |       |     1 |    57 ||    58
       Scale mail        |       |       |       |    93 ||    93
       Skin              |       |       |       |     4 ||     4
Dodge: Dodged            |    70 |    60 |   208 |   103 ||   441
       Deflected         |       |       |     1 |     3 ||     4
Block: Other             |     5 |    35 |    57 |       ||    97
       Buckler           |       |       |   107 |       ||   107
       Shield            |       |       |   163 |   437 ||   600
       Reflection        |       |       |     6 |     7 ||    13
